 Dungeon Crawl Stone Soup version 0.31.0-32-g396128a36d (webtiles) character file.

Game seed: 12574143390061019971

56 DildoBatman the Conjurer (level 4, -4/30 (32) HPs)
             Began as a Formicid Conjurer on Mar 12, 2024.
             Slain by a gnoll
             ... wielding a +0 whip
              (7 damage)
             ... on level 2 of the Dungeon.
             The game lasted 00:04:02 (1391 turns).

DildoBatman the Conjurer (Formicid Conjurer)        Turns: 1391, Time: 00:04:03

HP:   -4/30 (32)    AC:  2    Str: 12    XL:     4   Next: 15%
MP:   5/7           EV: 12    Int: 19    God:
Gold: 28            SH:  0    Dex: 12    Spells: 5/8 levels left

rFire   . . .        h - +0 falchion (elec)
rCold   . . .        (no shield)
rNeg    . . .        a - +0 robe
rPois   .            (helmet unavailable)
rElec   .            (no cloak)
rCorr   .            (no gloves)
SInv    +            (no boots)
Will    +....        (no amulet)
Stlth   ++           j - ring of willpower
HPRegen 0.25/turn    (no ring)
MPRegen 0.10/turn

%: no passive effects
@: drained
A: permanent stasis, dig shafts and tunnels, antennae 3, four strong arms
a: Dig, Shaft Self


You were on level 2 of the Dungeon.
You visited 1 branch of the dungeon, and saw 2 of its levels.

You collected 50 gold pieces.
You spent 22 gold pieces at shops.

Inventory:

Hand Weapons
 h - a +0 falchion of electrocution (weapon)
Missiles
 c - 14 stones
Armour
 a - a +0 robe (worn)
Jewellery
 j - a ring of willpower (left hand)
Scrolls
 d - 2 scrolls of identify
 e - a scroll of acquirement {unknown}
 f - a scroll of fog {unknown}
Potions
 b - a potion of magic
 g - a potion of curing {unknown}
 i - a potion of lignification {unknown}


   Skills:
 + Level 1.2 Fighting
 - Level 1.0 Long Blades
 + Level 1.2 Armour
 + Level 2.1 Dodging
 + Level 3.0 Stealth
 + Level 2.5 Spellcasting
 + Level 3.8 Conjurations


You had 5 spell levels left.
You knew the following spells:

 Your Spells              Type           Power      Damage    Failure   Level
a - Searing Ray           Conj           34%        2d5       4%          2
c - Magic Dart            Conj           68%        1d6       3%          1

Your spell library contained the following spells:

 Spells                   Type           Power      Damage    Failure   Level
 Fulminant Prism          Conj/Alch      4%         3d5       58%         4
 Iskenderun's Mystic Bla  Conj/Tloc      9%         2d4       58%         4


Dungeon Overview and Level Annotations

Branches:
Dungeon (2/15)

Altars:

Shops:
D:1 ?


Innate Abilities, Weirdness & Mutations

You cannot be hasted, slowed, berserked, paralysed or teleported.
You can dig through walls and to a lower floor.
You have a pair of large antennae on your head. (SInv)
Your four strong arms can wield two-handed weapons with a shield.


Message History

You hear an angry hiss.
The gnoll closely misses you.
The endoplasm hits you but does no damage.
What are your orders? t - Shout!
Orders for allies: a - Attack new target. p - Attack previous target. r - Retreat! s - Stop attacking. g - Guard the area. f - Follow me.
Anything else - Cancel.
You shout for attention!
The gnoll hits you with a +0 whip! The endoplasm hits you.
What are your orders? t - Shout!
Orders for allies: a - Attack new target. p - Attack previous target. r - Retreat! s - Stop attacking. g - Guard the area. f - Follow me.
Anything else - Cancel.
You shout for attention!
The gnoll closely misses you. The endoplasm closely misses you.
A gnoll comes into view. It is wielding a +1 vampiric halberd.
What are your orders? t - Shout!
Orders for allies: a - Attack new target. p - Attack previous target. r - Retreat! s - Stop attacking. g - Guard the area. f - Follow me.
Anything else - Cancel.
You shout for attention!
The gnoll completely misses you. The endoplasm hits you.
What are your orders? t - Shout!
Orders for allies: a - Attack new target. p - Attack previous target. r - Retreat! s - Stop attacking. g - Guard the area. f - Follow me.
Anything else - Cancel.
You shout for attention!
The gnoll hits you with a +0 whip!
You die...

#.##### .#...##
.....######
#.#........
#######.#<.....#.
.................
{
######.#.####.#.
#.....#.#
#J@##.#.#
#g#.###.# #
#S#.....# .
#g#...### ##
,.g###.# ..#. ..#
.# #.#. #..# #
#.#. #..# #.#.
###+####.#.


You could see 3 gnolls, an endoplasm and a ball python.

Vanquished Creatures
  A gnoll (D:2)
  2 dart slugs
  2 ribbon worms
  5 bats
  2 endoplasms (D:1)
  3 goblins (D:1)
  6 hobgoblins
  5 quokkas (D:1)
  2 frilled lizards (D:1)
  2 kobolds (D:1)
  5 rats
35 creatures vanquished.

Notes
Turn   | Place    | Note
-------+----------+-------------------------------------------
     0 | D:1      | DildoBatman the Formicid Conjurer began the quest for the
                  | Orb.
     0 | D:1      | Reached XP level 1. HP: 13/13 MP: 3/3
   177 | D:1      | Reached XP level 2. HP: 20/20 MP: 1/5
   180 | D:1      | Learned a level 2 spell: Searing Ray
   457 | D:1      | Found Sunomud's Magic Scroll Emporium.
   467 | D:1      | Bought a scroll of identify for 22 gold pieces
   577 | D:1      | Reached XP level 3. HP: 24/25 MP: 0/6
   624 | D:1      | Reached skill level 1 in Fighting
  1208 | D:2      | Reached skill level 1 in Armour
  1238 | D:2      | Reached skill level 1 in Long Blades
  1297 | D:2      | Noticed a scorpion
  1367 | D:2      | Reached XP level 4. HP: 32/32 MP: 3/7
  1391 | D:2      | Slain by a gnoll

Illustrated notes

Levels and vault maps discovered:
D:1:      reono_arrival_forest_river, layout_loops_corners, serial_shops,
          nicolae_shop_trees
D:2:      layout_basic, basic_altar

Skill      XL: |  1  2  3 |
---------------+----------+-----
Dodging        | 2 |  2.1
Fighting       | 1 |  1.2
Armour         | 1 |  1.2
Long Blades    | 1 |  1.0
Stealth        | 3 |  3.0
Spellcasting   | |  2.5
Conjurations   | |  3.8

Action                     |  1- 3 |  4- 6 || total
---------------------------+-------+-------++-------
  Melee: Club              |     2 |       ||     2
         Unarmed           |     1 |       ||     1
         Falchion          |    25 |       ||    25
         Punch             |     1 |       ||     1
   Cast: Magic Dart        |    47 |       ||    47
         Searing Ray       |     6 |       ||     6
Ability: Dig               |       |     1 ||     1
   Stab: Sleeping          |     4 |       ||     4
 Armour: Robe              |    18 |    10 ||    28
  Dodge: Dodged            |    26 |    16 ||    42
